 Dungeon Crawl Stone Soup version 0.26-a0-663-g36e8fdb655 (webtiles) character file.

Game seed: 16449463460332177595

1821 mg7810 the Magician (level 8, -1/41 HPs)
             Began as a Deep Elf Conjurer on Oct 3, 2020.
             Was an Initiate of Vehumet.
             Slain by an ice beast (18 damage)
             ... on level 6 of the Dungeon on Oct 10, 2020.
             The game lasted 00:30:49 (7706 turns).

mg7810 the Magician (Deep Elf Conjurer)             Turns: 7706, Time: 00:30:50

Health: -1/41      AC:  4    Str:  5    XL:     8   Next: 85%
Magic:  15/21      EV: 13    Int: 25    God:    Vehumet [......]
Gold:   350        SH:  0    Dex: 13    Spells: 7/21 levels left

rFire    + . .     SeeInvis .   v - +3 mace (protect)
rCold    x . .     Faith    .   (no shield)
rNeg     . . .     Spirit   .   q - +0 robe
rPois    .         Reflect  .   (no helmet)
rElec    .         Harm     .   (no cloak)
rCorr    .         Rampage  .   t - +1 pair of gloves
MR       .....                  (no boots)
Stlth    +++.......             (no amulet)
HPRegen  0.13/turn              o - ring of fire
MPRegen  0.17/turn              (no ring)

@: no status effects
A: no striking features
a: Renounce Religion


You were on level 6 of the Dungeon.
You worshipped Vehumet.
Vehumet was noncommittal.
You visited 2 branches of the dungeon, and saw 7 of its levels.

You collected 350 gold pieces.

Inventory:

Hand Weapons
 v - a +3 mace of protection (weapon)
Missiles
 b - 17 poisoned darts (quivered)
 c - 5 javelins
 x - 4 curare-tipped darts
Armour
 q - a +0 robe (worn)
 t - a +1 pair of gloves (worn)
Jewellery
 o - a ring of fire (left hand)
Wands
 n - a wand of random effects (23)
 p - a wand of iceblast (5)
 u - a wand of flame (11)
Scrolls
 e - 4 scrolls of teleportation
 f - 3 scrolls of remove curse
 i - 3 scrolls of enchant weapon
 j - 3 scrolls of fog
 k - 2 scrolls of enchant armour
 l - 2 scrolls of blinking
Potions
 a - 3 potions of cancellation {unknown}
 d - 3 potions of ambrosia {unknown}
 g - a potion of curing
 h - 4 potions of haste
 m - a potion of mutation {unknown}
 r - 2 potions of flight
 w - 2 potions of stabbing {unknown}


   Skills:
 + Level 1.0 Maces & Flails
 * Level 4.2 Throwing
 + Level 3.7 Dodging
 + Level 5.6 Stealth
 + Level 7.3 Spellcasting
 + Level 7.2 Conjurations
 + Level 3.7 Hexes
 * Level 2.8 Translocations
 + Level 3.9 Evocations


You had 7 spell levels left.
You knew the following spells:

 Your Spells              Type           Power        Failure   Level
a - Magic Dart            Conj           ####         1%          1
b - Searing Ray           Conj           #####.       1%          2
c - Dazzling Flash        Conj/Hex       #####.       1%          3
d - Fulminant Prism       Conj/Hex       #####.....   7%          4
e - Iskenderun's Mystic   Conj/Tloc      ####....     9%          4

Your spell library contained the following spells:

 Spells                   Type           Power        Failure   Level
 Slow                     Hex            ####....     1%          2
 Blink                    Tloc           N/A          3%          2
 Conjure Flame            Conj/Fire      #####...     4%          3
 Mephitic Cloud           Conj/Pois/Air  ###.....     7%          3
 Call Imp                 Summ           #.......     10%         2


Dungeon Overview and Level Annotations

Branches:
Dungeon (6/15)             Temple (1/1) D:6

Altars:
Ashenzari
Cheibriados
Dithmenos
Gozag
Hepliaklqana
Kikubaaqudgha
Makhleb
Nemelex Xobeh
Qazlal
Trog
Uskayaw
Vehumet
Xom
Yredelemnul
Zin
The Shining One


Message History

You completely miss the giant cockroach.
The giant cockroach is moderately wounded.
The giant cockroach barely misses you. x2
You hit the giant cockroach.
Your weapon exudes an aura of protection.
You kill the giant cockroach!
Vehumet accepts your kill.
Casting: Fulminant Prism (quite dangerous; 7% risk of failure)
Confirm with . or Enter, or press ? or * to list all spells.
Aiming: Searing Ray (safe; 1% risk of failure)
Press: ? - help, Shift-Dir - straight line, f - ice beast
Aim: an ice beast The searing ray hits the ice beast!
The ice beast is moderately wounded. (Press . to maintain the ray.)
The ice beast hits you. The ice beast freezes you!!
You feel a terrible chill!
The searing ray hits the ice beast.
The ice beast is heavily wounded.
The ice beast hits you. The ice beast freezes you!!
You feel a terrible chill!
You die...

#### #### ...# ....
###### ...# .....
#....###. ...#
.....##........ ...#
............... ...#
.......[.)..... ...###..
......).)..#
...............#.######..
................@Y.......
...............#.....##..
#####................#
........ ........##.....
......##.##.#.##.# ......
.........##......# ......
......#...+....### .....
#.....#.###....# .....
##.............#


You could see an ice beast.

Vanquished Creatures
  Maggie (D:6)
  Eustachio (D:6)
  A phantom (D:4)
  3 ice beasts
  A sky beast (D:5)
  A centaur (D:6)
  An ogre (D:6)
  2 bullfrogs (D:6)
  A scorpion (D:5)
  A howler monkey (D:5)
  A hound (D:6)
  2 jellies (D:5)
  2 bullfrog skeletons (D:5)
  2 orc priests (D:5)
  2 orc wizards (D:5)
  Ijyb (D:3)
  3 iguanas
  2 worker ants
  2 hound skeletons
  A howler monkey skeleton (D:4)
  4 adders
  A white imp (D:5)
  An ufetubus (D:6)
  An ooze (D:3)
  An adder skeleton (D:5)
  3 worms (D:2)
  6 leopard geckos
  13 orcs
  10 bats
  5 giant cockroaches
  13 goblins
  9 hobgoblins
  12 jackals
  3 quokkas
  4 ball pythons
  4 frilled lizards
  8 kobolds
  6 rats
135 creatures vanquished.

Vanquished Creatures (others)
  7 fulminant prisms
7 creatures vanquished.

Grand Total: 142 creatures vanquished

Notes
Turn   | Place    | Note
-------+----------+-------------------------------------------
     0 | D:1      | mg7810 the Deep Elf Conjurer began the quest for the Orb.
     0 | D:1      | Reached XP level 1. HP: 10/10 MP: 6/6
   250 | D:1      | Reached XP level 2. HP: 15/15 MP: 6/8
   254 | D:1      | Learned a level 2 spell: Searing Ray
   610 | D:1      | Reached skill level 5 in Conjurations
  1161 | D:2      | Reached XP level 3. HP: 19/19 MP: 4/9
  1210 | D:2      | Learned a level 3 spell: Dazzling Flash
  2209 | D:3      | Reached skill level 1 in Hexes
  2209 | D:3      | Reached XP level 4. HP: 24/24 MP: 7/11
  2412 | D:3      | Reached skill level 1 in Throwing
  2510 | D:3      | Found a bloodstained altar of Trog.
  3355 | D:3      | Found a faded altar of an unknown god.
  3408 | D:3      | Noticed Ijyb
  3417 | D:3      | Killed Ijyb
  3417 | D:3      | Reached XP level 5. HP: 28/28 MP: 4/13
  3516 | D:3      | Learned a level 4 spell: Fulminant Prism
  4120 | D:4      | Noticed a phantom
  4140 | D:4      | Killed a phantom
  4140 | D:4      | Reached skill level 1 in Evocations
  4140 | D:4      | Reached XP level 6. HP: 32/32 MP: 1/15
  4159 | D:4      | Learned a level 4 spell: Iskenderun's Mystic Blast
  4278 | D:4      | Reached skill level 5 in Spellcasting
  4670 | D:4      | Upgraded the game from 0.26-a0-652-gafc20e3620 to
                  | 0.26-a0-663-g36e8fdb655
  4786 | D:4      | Found a stormy altar of Qazlal.
  4786 | D:4      | Found a hide-covered altar of Uskayaw.
  4919 | D:5      | Entered Level 5 of the Dungeon
  4919 | D:5      | Noticed an ice beast
  5073 | D:5      | Killed an ice beast
  5270 | D:5      | Noticed an ice beast
  5279 | D:5      | Killed an ice beast
  5279 | D:5      | Reached XP level 7. HP: 19/36 MP: 11/17
  5591 | D:5      | Found a burning altar of Makhleb.
  6082 | D:5      | Found a shimmering altar of Xom.
  6152 | D:5      | Found a glowing silver altar of Zin.
  6152 | D:5      | Noticed a balrug
  6152 | D:5      | Noticed an angel
  6775 | D:6      | Reached XP level 8. HP: 22/41 MP: 15/19
  6776 | D:6      | Reached skill level 1 in Translocations
  6967 | D:6      | Found an opulent altar of Gozag.
  7023 | D:6      | Reached skill level 5 in Stealth
  7199 | D:6      | Found a staircase to the Ecumenical Temple.
  7202 | D:6      | Noticed Eustachio
  7227 | Temple   | Entered the Ecumenical Temple
  7234 | Temple   | Became a worshipper of Vehumet
  7389 | D:6      | Killed Eustachio
  7431 | D:6      | Found a shimmering altar of Xom.
  7506 | D:6      | Noticed Maggie
  7515 | D:6      | Killed Maggie
  7515 | D:6      | Reached skill level 1 in Maces & Flails
  7706 | D:6      | Slain by an ice beast

Illustrated notes

Levels and vault maps discovered:
D:1:      co_arrival_square_in_a_square_in_a_square, layout_basic
D:2:      layout_rooms, minmay_distorted
D:3:      kennysheep_goblin_castle, layout_basic, lemuel_coloured_pillars_altar,
          chequers_ecumenical_altar_grove, kennysheep_generic_room_14
D:4:      layout_basic, gammafunk_temple_overflow_elements
D:5:      layout_loops_ring, grunt_temple_overflow_order_and_chaos_2,
          grunt_decor_mini_mirrors, dk_xom_monty_hall
D:6:      layout_basic, temple_statues, basic_altar, grunt_decor_arrowhead,
          nicolae_gozag_seed_capital, uniq_maggie, uniq_eustachio, uniq_pikel
Temple:   minmay_freezing_vapour_temple

Skill      XL: |  1  2  3  4  5  6  7  8 |
---------------+-------------------------+-----
Conjurations   | 5 6 7 |  7.2
Hexes          | 1 2 3 |  3.7
Throwing       | 1 2 3 4 |  4.2
Stealth        | 3 4 5 |  5.6
Spellcasting   | 4 5 6 7 |  7.3
Evocations     | 1 2 3 |  3.9
Dodging        | 3 |  3.7
Translocations | 2 |  2.8
Maces & Flails | 1 |  1.0

Action                   |  1- 3 |  4- 6 |  7- 9 || total
-------------------------+-------+-------+-------++-------
Melee: Unarmed           |       |     1 |       ||     1
       Mace              |       |    10 |    26 ||    36
Throw: Dart              |     3 |       |       ||     3
 Cast: Magic Dart        |    64 |    28 |       ||    92
       Searing Ray       |     9 |    27 |    28 ||    64
       Fulminant Prism   |       |     4 |     3 ||     7
       Dazzling Flash    |       |     2 |     2 ||     4
Evoke: Wand              |       |     4 |     5 ||     9
  Use: Scroll            |     3 |     9 |     1 ||    13
       Potion            |       |     2 |       ||     2
 Stab: Sleeping          |       |       |     1 ||     1
Armor: Robe              |     1 |     7 |    15 ||    23
Dodge: Dodged            |     8 |    32 |    43 ||    83

Table legend: (Time is in decaauts)
 A = Elapsed time spent in this place.
 B = Non-inter-level travel time spent in this place.
 C = Inter-level travel time spent in this place.
 D = Time resting spent in this place.
 E = Time spent auto-exploring this place.
 F = Levels seen in this place.
 G = Mean time per level.
                   A        B        C        D        E       F      G
               +--------+--------+--------+--------+--------+-----+--------+
         Total |   7727 |   7410 |    317 |    136 |   6107 |   7 | 1103.9 |
       Dungeon |   7707 |   7390 |    317 |    134 |   6107 |   6 | 1284.5 |
        Temple |     20 |     20 |      0 |      2 |      0 |   1 |   20.0 |
               +--------+--------+--------+--------+--------+-----+--------+

Top non-repeatable levels by time:
     D:5: 1742 daAuts
     D:3: 1666 daAuts
     D:4: 1382 daAuts
     D:2: 1092 daAuts
     D:6: 916 daAuts
     D:1: 906 daAuts
  Temple: 20 daAuts
